Map: Orbital Shipyard

Players

Rytilu

  • Race: Protoss Protoss
  • League: Diamond

HiTMaN - Winner!

  • Race: Protoss Protoss
  • League: Diamond

VOD

Have the link to the VOD?

Description

Time

  • Played on: Nov. 24, 2015, 8:49 p.m.
  • Length: 6:17
Show
View Real Time Build Order
Export as new Build Order

Rytilu Protoss 

Build Orders: 1 Gate Expand 

Get SALT Encoding   

  12  0:01  Probe (Chrono Boost)  
  13  0:12  Probe (Chrono Boost)  
  14  0:18  Pylon  
  14  0:23  Probe (Chrono Boost)  
  15  0:37  Probe (Chrono Boost)  
  15  0:39  Gateway  
  16  0:48  Assimilator  
  17  0:50  Probe (Chrono Boost)  
  17  1:00  Probe (Chrono Boost)  
  19  1:11  Probe (Chrono Boost)  
  19  1:22  Probe (Chrono Boost)  
  20  1:29  Nexus  
  20  1:33  Probe (Chrono Boost)  
  21  1:45  Cybernetics Core  
  21  1:51  Probe (Chrono Boost)  
  22  1:57  Pylon  
  22  2:08  Assimilator  
  22  2:10  Probe (Chrono Boost)  
  23  2:22  Stalker, Mothership Core (Chrono Boost)  
  27  2:40  Robotics Facility  
  27  2:41  Probe (Chrono Boost)  
  27  2:43  Probe (Chrono Boost)  
  29  2:51  Probe (Chrono Boost)  
  29  2:52  Stalker  
  29  2:55  Probe (Chrono Boost)  
  32  2:59  Warp Gate  
  32  3:03  Probe (Chrono Boost)  
  33  3:08  Probe (Chrono Boost)  
  34  3:14  Probe (Chrono Boost)  
  34  3:18  Probe (Chrono Boost)  
  36  3:21  Gateway  
  36  3:24  Sentry  
  38  3:30  Gateway  
  38  3:32  Observer  
  39  3:35  Probe (Chrono Boost)  
  39  3:36  Probe (Chrono Boost)  
  41  3:46  Probe (Chrono Boost)  
  41  3:47  Pylon  
  43  3:48  Probe (Chrono Boost)  
  43  3:51  Pylon  
  43  3:56  Probe (Chrono Boost)  
  43  4:00  Probe (Chrono Boost)  
  45  4:05  Immortal  
  45  4:07  Probe (Chrono Boost)  
  50  4:14  Probe (Chrono Boost)  
  50  4:15  Pylon  
  50  4:16  Pylon  
  51  4:18  Probe (Chrono Boost)  
  51  4:21  Assimilator  
  51  4:23  Sentry  
  54  4:27  Probe (Chrono Boost)  
  54  4:29  Probe (Chrono Boost)  
  56  4:38  Probe (Chrono Boost)  
  51  4:40  Mothership Core (Chrono Boost)  
  46  5:13  Stalker x2  
  43  5:15  Probe x2 (Chrono Boost)  
  43  5:17  Zealot  
  43  5:26  Probe x2 (Chrono Boost)  
  32  5:36  Probe (Chrono Boost)  
Show
View Real Time Build Order
Export as new Build Order

HiTMaN Protoss - Winner!

Build Orders:  

Get SALT Encoding   

  12  0:01  Probe (Chrono Boost)  
  13  0:11  Probe (Chrono Boost)  
  14  0:18  Pylon  
  14  0:22  Probe (Chrono Boost)  
  15  0:36  Gateway  
  15  0:39  Probe (Chrono Boost)  
  16  0:43  Assimilator  
  16  0:49  Probe (Chrono Boost)  
  17  1:00  Probe (Chrono Boost)  
  18  1:09  Assimilator  
  18  1:10  Probe (Chrono Boost)  
  19  1:13  Pylon  
  19  1:21  Probe (Chrono Boost)  
  19  1:23  Cybernetics Core  
  20  1:55  Probe (Chrono Boost)  
  20  2:00  Warp Gate (Chrono Boost)  
  21  2:01  Stalker (Chrono Boost), Pylon  
  21  2:05  Probe  
  24  2:17  Probe  
  24  2:21  Pylon  
  27  2:30  Mothership Core  
  27  2:42  Gateway  
  27  2:46  Gateway  
  27  2:48  Gateway  
  27  2:51  Probe  
  28  2:59  Pylon  
  28  3:04  Pylon  
  28  3:50  Stalker  
  28  3:51  Stalker x3  
  36  4:14  Stalker x4  
  42  4:51  Stalker x4  
  42  5:24  Stalker x4  
Tags
 
Add a new tag
Caveats
  • Supply blocks, unpowered buildings, or Contaminate may cause inaccurate times.
  • Supply counts are checked every 10 seconds.